 Dungeon Crawl Stone Soup version 0.17-a0-1635-gd4e48f1 (webtiles) character file.

38 axamillion3 the Firebug (level 3, 0/26 HPs)
             Began as a Draconian Fire Elementalist on Aug 4, 2015.
             Succumbed to an adder's poison
             ... on level 2 of the Dungeon.
             The game lasted 00:12:52 (934 turns).

axamillion3 the Firebug (DrFE)                       Turns: 934, Time: 00:12:52

Health: 0/26       AC:  7    Str: 10    XL:     3   Next: 25%
Magic:  5/6        EV: 12    Int: 16    God:
Gold:   66         SH:  0    Dex: 11    Spells: 3 memorised, 0 levels left

rFire  . . .     SeeInvis .     g - +0 short sword
rCold  . . .     Clarity  .     (armour unavailable)
rNeg   . . .     SustAt   .     (no shield)
rPois  .         Gourm    .     (helmet restricted)
rElec  .         Spirit   .     h - +1 cloak
rCorr  .         Warding  .     (no gloves)
rMut   .         Stasis   .     (no boots)
MR     .....                    (no amulet)
Stlth  +++.......               (no ring)
                                e - ring of stealth

@: lethally poisoned (0 -> -8), not resistant to hostile enchantments, fairly
stealthy
A: unfitting armour, cold-blooded, AC +5
a: no special abilities


You were on level 2 of the Dungeon.
You were not hungry.

You visited 1 branch of the dungeon, and saw 2 of its levels.

You collected 66 gold pieces.

Inventory:

Hand weapons
 c - a +0 dagger
 g - a +0 short sword (weapon)
Armour
 h - a +1 cloak (worn)
Jewellery
 e - a ring of stealth (left hand)
Potions
 i - 3 potions of might
Books
 a - a book of Flames

   Spells                             Type                      Level
   a - Flame Tongue                   Conjuration/Fire             1
   b - Throw Flame                    Conjuration/Fire             2
   c - Conjure Flame                  Conjuration/Fire             3
   d - Inner Flame                    Hexes/Fire                   3
   e - Sticky Flame                   Conjuration/Fire             4
   f - Fireball                       Conjuration/Fire             5
Comestibles
 b - a bread ration
 d - 2 chunks of flesh
 f - 2 meat rations


   Skills:
 - Level 2.0 Dodging
 - Level 1.8 Stealth
 * Level 2.3 Spellcasting
 * Level 1.3 Conjurations
 + Level 3.8 Fire Magic


You couldn't memorise any spells.
You knew the following spells:

 Your Spells              Type           Power        Failure   Level  Hunger
a - Flame Tongue          Conj/Fire      ##...        10%         1    #......
b - Throw Flame           Conj/Fire      ##....       12%         2    ###....
c - Inner Flame           Hex/Fire       #.......     34%         3    ###....


Dungeon Overview and Level Annotations

Branches:
Dungeon (2/15)

Altars:


Innate Abilities, Weirdness & Mutations

Your plain brown scales are hard (AC +5).
Your body does not fit into most forms of armour.
You are cold-blooded and may be slowed by cold attacks.


Message History

The adder bites you but does no damage.
You hit the adder but do no damage.
The adder is almost dead.
* * * LOW HITPOINT WARNING * * *
You feel sick. The bat hits you but does no damage. The adder bites you.
* * * LOW HITPOINT WARNING * * *
As you read the scroll of fog, it crumbles to dust.
The scroll dissolves into smoke.
* * * LOW HITPOINT WARNING * * *
You feel sick. The bat hits you.
* * * LOW HITPOINT WARNING * * *
The adder bites you but does no damage. The adder barely misses you.
* * * LOW HITPOINT WARNING * * *
You feel sick. The bat closely misses you. The adder barely misses you.
* * * LOW HITPOINT WARNING * * *
You feel sick. The bat barely misses you.
* * * LOW HITPOINT WARNING * * *
You feel sick. The bat closely misses you.
You die...

#......###.
#..........
#§§§§......
..####§§§§§.....
.....?§§§§§...(.
#####.#S####....
# #b# . #.# #@#
#.# # ###.#
....####<..#
...........#
#....####### ##.


You could see an adder and a bat.

Vanquished Creatures
  A giant gecko (D:1)
  6 goblins (D:1)
  2 hobgoblins (D:1)
  4 jackals (D:1)
  6 giant cockroaches (D:1)
  A giant newt (D:1)
  5 kobolds
  9 rats (D:1)
34 creatures vanquished.

Notes
Turn   | Place    | Note
--------------------------------------------------------------
     0 | D:1      | axamillion3 the Draconian Fire Elementalist began the quest for the Orb.
     0 | D:1      | Reached XP level 1. HP: 14/14 MP: 3/3
   305 | D:1      | Reached XP level 2. HP: 20/20 MP: 5/5
   357 | D:1      | Learned a level 2 spell: Throw Flame
   679 | D:1      | Reached XP level 3. HP: 24/26 MP: 2/6
   688 | D:1      | Learned a level 3 spell: Inner Flame
   933 | D:2      | HP: 1/26 [poisoned by an adder]
   934 | D:2      | Succumbed to an adder's poison

Vault maps used:
D:1:      onia_arrival_larder
D:2:      nicolae_qazlal_style_of_elements, first_bread, minivault_19

Action                   || total
-------------------------++-------
Melee: Dagger            ||    20
       Unarmed           ||     3
       Short sword       ||    47
 Cast: Throw Flame       ||    14
       Flame Tongue      ||     3
       Inner Flame       ||     1
  Use: Scroll            ||     5
       Potion            ||     3
 Stab: Sleeping          ||     4
  Eat: Meat ration       ||     1
